 Dungeon Crawl Stone Soup version 0.26.0-20-g3ca415f5b8 (webtiles) character file.

Game seed: 4354761546066073477

6758 Qrupt the Covert (level 11, 0/75 HPs)
             Began as an Octopode Brigand on Jan 25, 2021.
             Splashed by a jelly's acid (5 damage)
             ... on level 10 of the Dungeon.
             The game lasted 00:30:53 (13343 turns).

Qrupt the Covert (Octopode Brigand)                Turns: 13343, Time: 00:30:54

Health: 0/75       AC: -11   Str: 13    XL:     11   Next: 4%
Magic:  11/11      EV: 17    Int: 14    God:
Gold:   307        SH: 10    Dex: 14    Spells: 9/10 levels left

rFire    . . .     SeeInvis .   w - +4 rapier (flame)
rCold    . . .     Faith    .   a - +0 buckler
rNeg     . . .     Spirit   .   (helmet restricted)
rPois    .         Reflect  +   n - amulet of reflection
rElec    .         Harm     .   y - +4 ring of slaying
rCorr    .         Rampage  .   (no ring)
Will     .....                  (no ring)
Stlth    ++++++....             (no ring)
HPRegen  0.22/turn              (no ring)
MPRegen  0.12/turn              (no ring)
                                (no ring)
                                (no ring)

@: corroded
A: almost no armour, stealthy swim, amphibious, 8 rings, constrict 8, camouflage
1, gelatinous body 1
a: no special abilities


You were on level 10 of the Dungeon.
You visited 1 branch of the dungeon, and saw 10 of its levels.

You collected 496 gold pieces.
You spent 189 gold pieces at shops.

Inventory:

Hand Weapons
 e - a +1 vampiric dagger
 s - a +3 dagger
 w - a +4 rapier of flaming (weapon)
 G - the +4 spear of the Firefly {flame, Int+4}
   (You found it on level 8 of the Dungeon)

   It has been specially enchanted to burn those struck by it, causing extra
   injury to most foes and up to half again as much damage against particularly
   susceptible opponents.
   It affects your intelligence (+4).
Missiles
 b - 44 poisoned darts
 m - 4 datura-tipped darts
 v - 2 curare-tipped darts (quivered)
Armour
 a - a +0 buckler (worn)
Jewellery
 n - an amulet of reflection (around mantle)
 y - a +4 ring of slaying (left tentacle)
Wands
 f - a wand of flame (30)
 r - a wand of polymorph (12)
 x - a wand of digging (3)
 H - a wand of iceblast (11)
Scrolls
 d - 2 scrolls of identify
 g - 3 scrolls of blinking
 j - 3 scrolls of immolation
 k - a scroll of enchant armour
 l - 4 scrolls of teleportation
 o - 3 scrolls of magic mapping
 q - a scroll of noise
 u - 2 scrolls of fear {unknown}
 z - 6 scrolls of remove curse
 B - 3 scrolls of fog {unknown}
 C - 2 scrolls of enchant weapon {unknown}
 E - a scroll of amnesia {unknown}
Potions
 c - a potion of invisibility
 h - 3 potions of haste
 i - 3 potions of flight
 p - 2 potions of brilliance
 t - a potion of curing
 A - a potion of ambrosia
 D - 2 potions of might
 F - a potion of degeneration {unknown}


   Skills:
 + Level 7.5 Fighting
 + Level 7.4 Short Blades
 + Level 7.3 Throwing
 + Level 7.1 Dodging
 + Level 11.3 Stealth
 - Level 4.0 Shields


You had 9 spell levels left.
You knew the following spells:

 Your Spells              Type           Power        Failure   Level
a - Apportation           Tloc           0%           28%         1

Your spell library contained the following spells:

 Spells                   Type           Power        Failure   Level
 Animate Skeleton         Necr           0%           28%         1
 Corona                   Hex            0%           28%         1
 Sting                    Tmut/Pois      0%           28%         1
 Summon Small Mammal      Summ           0%           28%         1
 Poisonous Vapours        Pois/Air       0%           41%         2
 Ignite Poison            Fire/Tmut/Pois 0%           65%         3
 Mephitic Cloud           Conj/Pois/Air  0%           65%         3
 Olgreb's Toxic Radiance  Pois           0%           96%         4


Dungeon Overview and Level Annotations

Branches:
Dungeon (10/15)            Temple (0/1) D:7             Orc (0/2) D:10
   Lair: D:8-11

Altars:
Ashenzari
Cheibriados
Dithmenos
Elyvilon
Hepliaklqana
Kikubaaqudgha
Okawaru
Ru
Wu Jian
Xom
Yredelemnul

Shops:
D:6 *   D:9 ?

Annotations:
D:4 Sigmund
D:5 3 runed translucent doors, lasso's ghost, novice DsIE
D:7 1 runed translucent door, 2 transporters, Majorwet's ghost, novice HOFi


Innate Abilities, Weirdness & Mutations

You cannot wear most types of armour.
You are very stealthy in the water. (Stealth+)
You are amphibious.
You can wear up to eight rings at the same time.
You can use your tentacles to constrict eight enemies at once.
Your skin changes colour to match your surroundings (Stealth+).
Your rubbery body absorbs attacks. (AC +1, EV +1)


Message History

You hit the jelly but do no damage.
Your tentacles burn!
You squeeze the jelly, but do no damage.
The jelly is almost dead.
The jelly hits you.
You are splashed with acid!
You are too injured to fight recklessly!
You are too injured to fight recklessly!
You hit the jelly but do no damage.
Your tentacles burn!
* * * LOW HITPOINT WARNING * * *
The jelly is almost dead.
An orc wizard comes into view. It is wielding a +0 dagger.
The jelly barely misses you.
You hit the jelly but do no damage.
Your tentacles burn!
* * * LOW HITPOINT WARNING * * *
The jelly is almost dead.
The jelly hits you.
* * * LOW HITPOINT WARNING * * *
You are splashed with acid!
* * * LOW HITPOINT WARNING * * *
You hit the jelly but do no damage.
Your tentacles burn!
You die...

#....#...##...#...#
#....###.##.......#
#..[.# #.##.......#
##....#
#....'.(...#
......#
######.....#
##....# #.(...#
####.## ###'###
#....# #)# ..####
#@# '######### #J#
.........# ...
.........# .....
.........+ #.....#
)........# #.....#
.........# #.o...#
###'###### #.....#
#.##


You could see a jelly and an orc wizard.

Vanquished Creatures
  A two-headed ogre (D:8)
  Pikel (D:5)
  Joseph (D:9)
  Grum (D:8)
  A troll (D:10)
  A hornet (D:10)
  A ynoxinul (D:6)
  A wraith (D:10)
  Eustachio (D:5)
  A wyvern (D:10)
  A steam dragon (D:10)
  Duvessa (D:4)
  3 water moccasins
  5 orc warriors
  An ice beast (D:7)
  2 sky beasts
  A phantom (D:10)
  3 black bears
  2 wolves (D:8)
  2 ogres
  4 centaurs
  2 lemures (D:5)
  7 bullfrogs
  Dowan (D:4)
  2 scorpions
  11 orc wizards
  2 howler monkeys
  A hound (D:5)
  2 jellies
  3 orc priests
  A bullfrog skeleton (D:10)
  2 iguanas
  3 worker ants
  A killer bee zombie (D:8)
  Robin (D:3)
  7 gnolls
  13 adders
  3 white imps
  An ufetubus (D:10)
  2 oozes
  2 adder zombies
  2 worms
  2 dart slugs
  3 leopard geckos
  22 orcs
  A ball python (D:4)
  3 bats
  3 giant cockroaches
  21 goblins
  9 hobgoblins
  5 jackals
  2 quokkas
  6 frilled lizards
  5 kobolds
  4 rats
  A spectral orc (D:3)
191 creatures vanquished.

Vanquished Creatures (collateral kills)
  A wolf (D:8)
  2 lemures (D:5)
  A hound (D:8)
  An orc wizard (D:6)
  An iguana (D:8)
  A worker ant (D:5)
  2 orcs (D:6)
  2 jackals (D:8)
11 creatures vanquished.

Vanquished Creatures (others)
  A human (D:10)
  An ogre (D:4)
2 creatures vanquished.

Grand Total: 204 creatures vanquished

Notes
Turn   | Place    | Note
-------+----------+-------------------------------------------
     0 | D:1      | Qrupt the Octopode Brigand began the quest for the Orb.
     0 | D:1      | Reached XP level 1. HP: 14/14 MP: 1/1
   478 | D:1      | Reached XP level 2. HP: 19/19 MP: 2/2
  1293 | D:2      | Reached XP level 3. HP: 11/24 MP: 3/3
  1978 | D:2      | Found a faded altar of an unknown god.
  2397 | D:3      | Noticed Robin
  2443 | D:3      | Reached XP level 4. HP: 30/30 MP: 4/4
  2468 | D:3      | Killed Robin
  2482 | D:3      | Reached skill level 6 in Stealth
  2960 | D:3      | Found an ancient bone altar of Kikubaaqudgha.
  3014 | D:3      | Reached XP level 5. HP: 36/36 MP: 5/5
  3204 | D:3      | Found a basalt altar of Yredelemnul.
  3519 | D:4      | Noticed an ogre
  3519 | D:4      | Noticed Duvessa
  3532 | D:4      | Killed an ogre
  3537 | D:4      | Noticed Dowan
  3544 | D:4      | Killed Duvessa
  3545 | D:4      | Reached skill level 1 in Shields
  3545 | D:4      | Reached XP level 6. HP: 15/42 MP: 6/6
  3812 | D:4      | Found an ornate altar of the Wu Jian Council.
  3817 | D:4      | Noticed a spectral centipede
  3817 | D:4      | Noticed a spectral black mamba
  3817 | D:4      | Noticed a spectral cane toad
  3852 | D:4      | Killed Dowan
  3898 | D:4      | Found a sacrificial altar of Ru.
  4163 | D:4      | You fall into a shaft and drop 2 floors!
  4164 | D:6      | Noticed a water moccasin
  4166 | D:6      | Killed a water moccasin
  4167 | D:6      | Reached XP level 7. HP: 46/46 MP: 7/7
  4375 | D:6      | Found Giem's Assorted Antiques.
  4379 | D:6      | Bought a potion of curing for 84 gold pieces
  4390 | D:6      | Found a shadowy altar of Dithmenos.
  4440 | D:6      | Reached skill level 7 in Stealth
  4595 | D:6      | Noticed Grinder
  4602 | D:6      | Noticed Grinder
  4602 | D:6      | Grinder changed into Grinder the ynoxinul
  4608 | D:6      | Killed Grinder the ynoxinul
  4609 | D:6      | Reached XP level 8. HP: 8/54 MP: 8/8
  4958 | D:5      | Entered Level 5 of the Dungeon
  5073 | D:5      | Noticed Eustachio
  5080 | D:5      | Killed Eustachio
  5124 | D:5      | Reached skill level 8 in Stealth
  5476 | D:5      | Noticed Pikel
  5701 | D:6      | HP: 2/54 [iguana (12)]
  6294 | D:6      | Found a white marble altar of Elyvilon.
  6664 | D:5      | Found an iron altar of Okawaru.
  6787 | D:5      | Found a runed translucent gate.
  6787 | D:5      | Found a runed translucent gate.
  6788 | D:5      | Found a runed translucent gate.
  6791 | D:5      | Noticed lasso's ghost (novice DsIE)
  7119 | D:5      | You fall into a shaft and drop 1 floor!
  7207 | D:5      | Found a broken altar of Ashenzari.
  7369 | D:5      | Killed Pikel
  7370 | D:5      | Reached skill level 5 in Fighting
  7370 | D:5      | Reached skill level 5 in Short Blades
  7370 | D:5      | Reached skill level 5 in Throwing
  7370 | D:5      | Reached XP level 9. HP: 38/61 MP: 9/9
  7793 | D:4      | Noticed Sigmund
  8090 | D:4      | Found a shimmering altar of Xom.
  8259 | D:7      | Reached skill level 9 in Stealth
  8386 | D:7      | Reached skill level 5 in Dodging
  8702 | D:7      | Noticed Majorwet's ghost (novice HOFi)
  8704 | D:7      | Found a runed translucent door.
  9285 | D:7      | Found a staircase to the Ecumenical Temple.
  9317 | D:7      | Found a snail-covered altar of Cheibriados.
  9345 | D:7      | Found a transporter.
  9351 | D:7      | Noticed a fire crab
  9366 | D:7      | Found a transporter.
  9628 | D:8      | Noticed Grum
 10242 | D:8      | HP: 3/62 [Grum/+0 spear of venom (12)]
 10248 | D:8      | Killed Grum
 10249 | D:8      | Reached skill level 10 in Stealth
 10249 | D:8      | Reached XP level 10. HP: 10/69 MP: 10/10
 10689 | D:8      | Noticed a two-headed ogre
 10726 | D:8      | Killed a two-headed ogre
 11291 | D:8      | Found a hazy altar of Hepliaklqana.
 11539 | D:8      | Got a warped spear
 11540 | D:8      | Identified the +4 spear of the Firefly {flame, Int+4} (You
                  | found it on level 8 of the Dungeon)
 11566 | D:8      | Learned a level 1 spell: Apportation
 11845 | D:9      | Noticed Joseph
 11855 | D:9      | Killed Joseph
 12069 | D:9      | Found Liudd's Magic Scroll Shop.
 12072 | D:9      | Bought a scroll of blinking for 105 gold pieces
 12245 | D:9      | Found a hazy altar of Hepliaklqana.
 12617 | D:10     | Entered Level 10 of the Dungeon
 12757 | D:10     | Found a staircase to the Orcish Mines.
 12812 | D:10     | Reached skill level 11 in Stealth
 13296 | D:10     | Reached XP level 11. HP: 75/75 MP: 11/11
 13305 | D:10     | Found an ancient bone altar of Kikubaaqudgha.
 13343 | D:10     | Splashed by a jelly's acid

Illustrated notes

Levels and vault maps discovered:
D:1:      sevenhm_arrival_forest_fort_large_2, layout_basic
D:2:      layout_basic, chequers_ecumenical_altar_simple_redux
D:3:      layout_basic, yredelemnul_forgotten_temple_becter,
          general_overflow_altar, uniq_robin
D:4:      layout_rooms, pdpol_wu_jian_five_deadly_venoms, kennysheep_little_box,
          nicolae_ru_awakened_eye, uniq_duvessa, uniq_sigmund
D:5:      layout_basic, okawaru_ov_weapons_minmay,
          ashenzari_conservatory_becter, gammafunk_ghost_necromancy,
          roderic_roman_lattice, minmay_misc_feat_chi, uniq_eustachio,
          uniq_pikel
D:6:      layout_loops_corners, grunt_dithmenos_smoke, elyvilon_altar_1,
          serial_shops, shop, hangedman_decor_points, uniq_grinder
D:7:      layout_loops_cross, gammafunk_temple_overflow_arena,
          minmay_temple_entry_statues_fountains, hellmonk_ghost_happy_afterlife
D:8:      layout_layer_cave, nzn_hepliaklqana_mist_gate, enter_bailey_5,
          supply_closet_lemuel, uniq_grum
D:9:      layout_roguey, serial_shops, shop, basic_altar, nrook_uturn,
          uniq_joseph
D:10:     layout_roguey, david_orc_2, special_room [special_room_orc],
          tgw_kikubaaqudgha

Skill      XL: |  1  2  3  4  5  6  7  8  9 10 |
---------------+-------------------------------+-----
Dodging        | 2 3 4 5 7 |  7.1
Stealth        | 6 7 8 10 11 | 11.3
Fighting       | 3 4 5 6 7 |  7.5
Short Blades   | 3 4 5 6 7 |  7.4
Throwing       | 3 4 5 6 7 |  7.3
Shields        | 1 2 4 |  4.0

Action                   |  1- 3 |  4- 6 |  7- 9 | 10-12 || total
-------------------------+-------+-------+-------+-------++-------
Melee: Dagger            |    62 |    88 |   121 |       ||   271
       Constrict         |    16 |    16 |    34 |    18 ||    84
       Tentacles         |     6 |    12 |    44 |    21 ||    83
       Rapier            |       |       |    99 |   114 ||   213
       Spear             |       |       |       |     9 ||     9
Throw: Dart              |    11 |    22 |    49 |    10 ||    92
Evoke: Wand              |       |       |    13 |       ||    13
  Use: Potion            |     2 |     3 |     4 |       ||     9
       Scroll            |       |       |     9 |     1 ||    10
 Stab: Sleeping          |    10 |     7 |    19 |    11 ||    47
       Distracted        |       |     2 |     2 |       ||     4
Armor: Skin              |     2 |     7 |     1 |     3 ||    13
Dodge: Dodged            |    25 |    46 |   114 |    54 ||   239
Block: Other             |       |       |    44 |     7 ||    51
       Reflection        |       |       |     3 |     5 ||     8
       Buckler           |       |       |       |    33 ||    33
